 Dungeon Crawl Stone Soup version 0.19.0-24-gb05acd6 (webtiles) character file.

1501 Gargo the Magician (level 8, -6/43 HPs)
             Began as a Gargoyle Earth Elementalist on Nov 21, 2016.
             Was a Follower of Vehumet.
             Killed themself with a badly aimed iceblast (15 damage)
             ... on level 6 of the Dungeon.
             The game lasted 00:37:59 (6721 turns).

Gargo the Magician (Gargoyle Earth Elementalist)    Turns: 6721, Time: 00:37:59

Health: -6/43      AC:  9    Str: 12    XL:     8   Next: 81%
Magic:  1/18       EV:  9    Int: 18    God:    Vehumet [*.....]
Gold:   166        SH:  0    Dex: 10    Spells: 3 memorised, 12 levels left

rFire  . . .     SeeInvis .     a - +2 whip (freeze)
rCold  . . .     Gourm    .     c - +0 robe
rNeg   + . .     Faith    .     (no shield)
rPois  ∞         Spirit   .     (no helmet)
rElec  +         Reflect  .     (no cloak)
rCorr  .         Harm     .     (no gloves)
MR     .....                    q - +1 pair of boots
Stlth  ++........               (no amulet)
                                (no ring)
                                i - -3 ring of evasion (curse)

@: no status effects
A: negative energy resistance 1, electricity resistance, unbreathing,
petrification resistance, rot immunity, AC +5
a: Renounce Religion


You were on level 6 of the Dungeon.
You worshipped Vehumet.
Vehumet was aware of your devotion.
You were not hungry.

You visited 2 branches of the dungeon, and saw 7 of its levels.

You collected 166 gold pieces.

Inventory:

Hand Weapons
 a - a +2 whip of freezing (weapon)
 h - a +0 dagger of electrocution
Missiles
 b - 12 stones (quivered)
Armour
 c - a +0 robe (worn)
 g - a +0 shield
 n - a +0 buckler
 q - a +1 pair of boots (worn)
Jewellery
 i - a cursed -3 ring of evasion (left hand)
Wands
 r - a wand of random effects (28/48)
 E - a wand of digging (14/24)
Scrolls
 e - a scroll of fear
 l - 5 scrolls of identify
 w - a scroll of remove curse
Potions
 f - a potion of haste
 j - 2 potions of flight
 m - a potion of mutation {unknown}
 o - 2 potions of curing
 p - a potion of heal wounds {unknown}
 s - a potion of berserk rage {unknown}
 t - a potion of invisibility {unknown}
 A - a potion of magic {unknown}
 C - a potion of cancellation {unknown}
 H - a potion of resistance {unknown}
Comestibles
 d - a bread ration


   Skills:
 + Level 1.5 Fighting
 + Level 1.3 Maces & Flails
 - Level 1.3 Armour
 + Level 2.0 Dodging
 - Level 2.1 Stealth
 + Level 0.7 Shields
 * Level 7.1 Spellcasting
 + Level 4.7 Conjurations
   Level 0.7 Transmutations
 + Level 6.7 Earth Magic
 + Level 1.1 Evocations


You had 12 spell levels left.
You knew the following spells:

 Your Spells              Type           Power        Failure   Level  Hunger
a - Sandblast             Erth           ####..       1%          1    None
b - Lee's Rapid Deconstr  Erth           ####......   21%         5    #####..
A - Stone Arrow           Conj/Erth      ####..       2%          3    ##.....


Dungeon Overview and Level Annotations

Branches:
Dungeon (6/15)             Temple (1/1) D:5

Altars:
Dithmenos
Elyvilon
Kikubaaqudgha
Makhleb
Qazlal
Uskayaw
Vehumet
Xom
Yredelemnul
Zin
The Shining One

Annotations:
D:5 Quirk's ghost, amateur MiFi


Innate Abilities, Weirdness & Mutations

You are resistant to torment.
Your stone body is resilient. (AC +5)
You are immune to poison.
You resist negative energy. (rN+)
You are resistant to electric shocks. (rElec)
You can survive without breathing.
You are immune to petrification.
You are immune to rotting.


Message History

Press: ? - help, Shift-Dir - straight line, f/p - orc priest
Aim: an orc priest, wielding a hand axe (moderately wounded)
The blast of sand hits the orc priest.
The orc priest is moderately wounded.
The orc priest hits you but does no damage.
You are too injured to fight recklessly!
You closely miss the orc priest.
The orc priest is moderately wounded.
The orc priest invokes the aid of Beogh against you.
Pain shoots through your body!
* * * LOW HITPOINT WARNING * * *
Evoke which item? (* to show all) (? for menu, Esc to quit)
Zapping:
r - a wand of random effects {zapped: 2} (will waste charges)
Press: ? - help, Shift-Dir - straight line, f/p - orc priest
Aim: an orc priest, wielding a hand axe (moderately wounded)
The mass of ice explodes!
The iceblast engulfs the orc priest.
You kill the orc priest!
Vehumet accepts your kill.
You feel your power returning. The iceblast engulfs you!
You die...

.......# .#######
.....# .##########
..... .#........# ....
.#........# ##### ...#
.#........# #...# ...#
.#......[.# #...# )).#
##........###...##.(.#
.'..........)...@)..)+
##.)......###...##.[.#
########### #...# ...#
# ##### ...# # ...# #
#### # # #


There were no monsters in sight!

Vanquished Creatures
  Pikel (D:5)
  Menkaure (D:6)
  An orc warrior (D:6)
  A centaur (D:5)
  Blork the orc (D:6)
  2 scorpions
  2 crimson imps
  2 hounds
  4 orc priests
  Jessica (D:2)
  A worker ant (D:5)
  4 orc wizards
  A hound skeleton (D:5)
  8 adders
  2 shadow imps (D:5)
  2 worms
  3 leopard geckos
  26 orcs
  4 ball pythons
  8 giant cockroaches
  5 goblins
  5 hobgoblins
  3 jackals (D:2)
  3 quokkas
  7 bats
  2 frilled lizards (D:2)
  A jackal zombie (D:5)
  8 kobolds
  A leopard gecko skeleton (D:4)
  A leopard gecko zombie (D:5)
  A quokka skeleton (D:4)
  4 rats
116 creatures vanquished.

Notes
Turn   | Place    | Note
-------+----------+-------------------------------------------
     0 | D:1      | Gargo the Gargoyle Earth Elementalist began the quest for the Orb.
     0 | D:1      | Reached XP level 1. HP: 10/10 MP: 3/3
   305 | D:2      | Reached XP level 2. HP: 12/15 MP: 1/5
  1042 | D:2      | Noticed Jessica
  1063 | D:2      | Killed Jessica
  1063 | D:2      | Reached skill level 3 in Spellcasting
  1063 | D:2      | Reached XP level 3. HP: 11/19 MP: 1/7
  1187 | D:2      | Reached XP level 4. HP: 15/24 MP: 6/9
  1192 | D:2      | Learned a level 3 spell: Stone Arrow
  2172 | D:3      | Reached skill level 4 in Spellcasting
  2338 | D:3      | Found a hide-covered altar of Uskayaw.
  2341 | D:3      | Reached skill level 1 in Conjurations
  2341 | D:3      | Reached XP level 5. HP: 28/28 MP: 6/11
  2546 | D:3      | Found a burning altar of Makhleb.
  2975 | D:5      | Entered Level 5 of the Dungeon
  2981 | D:5      | Found a staircase to the Ecumenical Temple.
  2991 | D:5      | Found a white marble altar of Elyvilon.
  2999 | Temple   | Entered the Ecumenical Temple
  3024 | Temple   | Learned a level 5 spell: Lee's Rapid Deconstruction
  3048 | Temple   | Became a worshipper of Vehumet
  3165 | D:4      | Reached XP level 6. HP: 32/32 MP: 6/12
  3708 | D:4      | Reached skill level 5 in Spellcasting
  3708 | D:4      | Reached skill level 5 in Earth Magic
  3764 | D:4      | HP: 1/32 [orc wizard/magic dart (8)]
  3768 | D:4      | Reached XP level 7. HP: 12/36 MP: 0/15
  4082 | D:4      | Found a basalt altar of Yredelemnul.
  4362 | D:5      | Noticed Quirk's ghost (amateur MiFi)
  5428 | D:5      | Noticed Pikel
  5454 | D:5      | Killed Pikel
  5454 | D:5      | Reached skill level 6 in Spellcasting
  5454 | D:5      | Reached XP level 8. HP: 10/41 MP: 0/18
  6072 | D:5      | Reached skill level 1 in Armour
  6313 | D:5      | Reached * piety under Vehumet
  6313 | D:5      | Offered knowledge of Freeze by Vehumet.
  6562 | D:6      | Noticed Menkaure
  6567 | D:6      | Killed Menkaure
  6567 | D:6      | Reached skill level 1 in Fighting
  6567 | D:6      | Reached skill level 1 in Maces & Flails
  6567 | D:6      | Reached skill level 7 in Spellcasting
  6634 | D:6      | Noticed Blork the orc
  6646 | D:6      | Killed Blork the orc
  6646 | D:6      | Reached skill level 1 in Evocations
  6721 | D:6      | Killed themself with a badly aimed iceblast

Skill      XL: |  1  2  3  4  5  6  7  8 |
---------------+-------------------------+-----
Spellcasting   | 3 4 5 6 7 |  7.1
Earth Magic    | 4 5 6 |  6.7
Conjurations   | 1 2 3 4 |  4.7
Armour         | 1 |  1.3
Fighting       | 1 |  1.5
Maces & Flails | 1 |  1.3
Evocations     | 1 |  1.1
Dodging        | 2 |  2.0
Stealth        | |  2.1
Shields        | |  0.7
Transmutations | |  0.7

Action                   |  1- 3 |  4- 6 |  7- 9 || total
-------------------------+-------+-------+-------++-------
Melee: Unarmed           |    26 |       |       ||    26
       Dagger            |    16 |    63 |     9 ||    88
       Whip              |       |       |    15 ||    15
Throw: Stone             |     4 |       |       ||     4
 Cast: Sandblast         |    33 |   150 |    92 ||   275
       Stone Arrow       |       |       |    20 ||    20
Evoke: Wand              |       |       |     1 ||     1
  Use: Scroll            |       |    13 |     2 ||    15
       Potion            |       |     3 |     1 ||     4
 Stab: Sleeping          |     2 |     3 |     3 ||     8
       Distracted        |       |       |     1 ||     1
       Paralysed         |       |       |     4 ||     4
  Eat: Chunk             |     1 |     8 |     5 ||    14
       Meat ration       |       |       |     1 ||     1
Armor: Robe              |    32 |    52 |    34 ||   118
Dodge: Dodged            |    63 |    98 |    40 ||   201
